 Dungeon Crawl Stone Soup version 0.26.1-11-gd32895ea62 (webtiles) character file.

Game seed: 1120948780179951765

52 gambatte the Skirmisher (level 3, 0/33 HPs)
             Began as a Hill Orc Fighter on May 30, 2021.
             Slain by Sigmund
             ... wielding a +0 scythe
              (8 damage)
             ... on level 2 of the Dungeon.
             The game lasted 00:15:38 (1552 turns).

gambatte the Skirmisher (Hill Orc Fighter)          Turns: 1552, Time: 00:15:42

Health: 0/33       AC:  8    Str: 19    XL:     3   Next: 85%
Magic:  3/3        EV:  7    Int:  8    God:
Gold:   85         SH:  9    Dex: 10    Spells: 2/2 levels left

rFire    . . .     SeeInvis .   a - +0 war axe
rCold    . . .     Faith    .   c - +0 kite shield
rNeg     . . .     Spirit   .   b - +0 scale mail
rPois    .         Reflect  .   y - +0 helmet
rElec    .         Harm     .   (no cloak)
rCorr    .         Rampage  .   (no gloves)
Will     .....                  (no boots)
Stlth    ..........             (no amulet)
HPRegen  0.11/turn              (no ring)
MPRegen  0.08/turn              (no ring)

@: mighty
A: no striking features
a: no special abilities


You were on level 2 of the Dungeon.
You visited 1 branch of the dungeon, and saw 3 of its levels.

You collected 85 gold pieces.

Inventory:

Hand Weapons
 a - a +0 war axe (weapon)
 f - a +0 club
 g - a +0 short sword
 n - a +0 club
 o - a +0 hand axe
 r - a +0 whip
 u - a +0 long sword
 z - a +0 whip
 C - a +0 whip
Missiles
 e - 52 stones (quivered)
 h - 2 curare-tipped darts
 k - 38 bolts
 p - 38 arrows
 v - 14 sling bullets
Armour
 b - a +0 scale mail (worn)
 c - a +0 kite shield (worn)
 i - a cursed +0 robe
 l - a +0 ring mail
 y - a +0 helmet (worn)
 B - a +0 ring mail
Scrolls
 q - 2 scrolls of teleportation {unknown}
 s - a scroll of remove curse {unknown}
 t - 3 scrolls of identify {unknown}
 w - a scroll of fog {unknown}
 A - a scroll of amnesia {unknown}
Potions
 d - 2 potions of might
 j - 3 potions of invisibility
 m - a potion of haste
 x - a potion of lignification {unknown}


   Skills:
 + Level 3.8 Fighting
 + Level 3.7 Axes
 + Level 1.0 Throwing
 + Level 3.8 Armour
 + Level 0.1 Stealth
 + Level 3.6 Shields


You had 2 spell levels left.
You didn't know any spells.
Your spell library was empty.

Dungeon Overview and Level Annotations

Branches:
Dungeon (3/15)

Altars:
Elyvilon

Annotations:
D:2 Jessica, Sigmund


Message History

The magic dart hits you.
Sigmund casts a spell at himself.
Sigmund flickers and vanishes!
Deactivating autopickup; reactivate with Ctrl-A.
You feel very mighty all of a sudden.
You hear some strange, mumbled words.
A puff of flame appears from out of thin air!
You block the puff of flame. Something hits you. Something hits you.
You closely miss something. Something hits you but does no damage.
You closely miss something. Something hits you but does no damage.
You slash something!
Something hits you but does no damage. x2
You slash something!
You hear some strange, mumbled words.
A magic dart appears from out of thin air!
The magic dart hits you!
* * * LOW HITPOINT WARNING * * *
Something hits you!
You die...

##### #############.......#
# ###...................#
#####...##############.####
......### #.# .....## ##.#
.....# ##..# .....# ##..##
.....# #####..##
.....####### #.@...##
.....#.....# #{#####
.......##### #( ......## ..
##.##.# #.# .>....# ## ..
.##.### .. ..# ....# .# ##
#######..#


There were no monsters in sight!

Vanquished Creatures
  2 adders (D:2)
  3 worms (D:2)
  A dart slug (D:2)
  A giant cockroach (D:2)
  6 goblins
  2 hobgoblins
  A ball python (D:1)
  3 bats
  A frilled lizard (D:2)
  4 kobolds
  A rat (D:2)
25 creatures vanquished.

Notes
Turn   | Place    | Note
-------+----------+-------------------------------------------
     0 | D:1      | gambatte the Hill Orc Fighter began the quest for the Orb.
     0 | D:1      | Reached XP level 1. HP: 19/19 MP: 1/1
   263 | D:1      | Reached XP level 2. HP: 27/27 MP: 2/2
   752 | D:2      | Noticed Jessica
   907 | D:2      | Reached XP level 3. HP: 33/33 MP: 3/3
  1080 | D:2      | Found a white marble altar of Elyvilon.
  1310 | D:2      | Reached skill level 1 in Throwing
  1543 | D:2      | Noticed Sigmund
  1552 | D:2      | Slain by Sigmund

Illustrated notes

Levels and vault maps discovered:
D:1:      dpeg_arrival_lava_altar, layout_rooms, kennysheep_crisscross
D:2:      layout_rooms, elyvilon_altar_4, uniq_sigmund, uniq_jessica
D:3:      layout_basic, pdpol_temple_overflow_zin_treasury_gozag_greed,
          gammafunk_temple_overflow_forgotten, lemuel_crystal_altar

Skill      XL: |  1  2  3 |
---------------+----------+-----
Axes           | 3 |  3.7
Throwing       | 1 |  1.0
Fighting       | |  3.8
Armour         | |  3.8
Stealth        | |  0.1
Shields        | |  3.6

Action                   || total
-------------------------++-------
Melee: War axe           ||    61
Throw: Stone             ||    74
  Use: Potion            ||     1
Armor: Scale mail        ||    23
Dodge: Dodged            ||    22
Block: Kite shield       ||    33
